[Event "EYTCC U12 Girls 2018"]
[Site "Bad Blankeburg"]
[Date "2018.07.18"]
[Round "10"]
[White "Fizerova, Lucie"]
[Black "Bashylina, Luisa"]
[Result "0-1"]
[ECO "B20"]
[WhiteElo "1554"]
[BlackElo "1836"]
[Annotator "NA"]
[PlyCount "58"]
[EventDate "2018.07.12"]
[EventType "swiss"]
[EventCountry "GER"]
[SourceTitle "playchess.com"]
[Source "ChessBase"]
[SourceQuality "1"]
[WhiteTeam "Czech Republic"]
[BlackTeam "Germany"]
[WhiteTeamCountry "CZE"]
[BlackTeamCountry "GER"]
[TimeControl "40/5400+30:1800+30"]

1. e4 c5 2. b4 cxb4 3. a3 e6 4. d4 d5 5. e5 Nc6 6. axb4 Bxb4+ 7. c3 Be7 8. Bd3 h5 9. Nf3 Bd7 10. Be3 Nh6 11. Na3 a6 12. Nc2 b5 13. Bd2 Qb6 14. Rb1 Qc7 15. Bg5 Rc8 16. Rc1 Qd8 17. h4 Ng4 18. Qd2 Na5 19. Rb1 Nc4 20. Qf4 Qa5 21. O-O Qxc3 22. Bxe7 Qxd3 23. Bb4 a5 24. Bd6 Nxd6 25. exd6 Qxc2 26. Qg5 f6 27. Qxg7 Qh7 28. Qxh7 Rxh7 29. Rfe1 Kf7 {[%emt 0:00:24] Kh2} 0-1

[Event "EYTCC U12 Girls 2018"]
[Site "Bad Blankeburg"]
[Date "2018.07.18"]
[Round "10"]
[White "Peglau, Charis"]
[Black "Markus, Molli Amina"]
[Result "1/2-1/2"]
[ECO "C01"]
[WhiteElo "1396"]
[BlackElo "1566"]
[Annotator "NA"]
[PlyCount "76"]
[EventDate "2018.07.12"]
[EventType "swiss"]
[EventCountry "GER"]
[SourceTitle "playchess.com"]
[Source "ChessBase"]
[SourceQuality "1"]
[WhiteTeam "Germany"]
[BlackTeam "Hungary"]
[WhiteTeamCountry "GER"]
[BlackTeamCountry "HUN"]
[TimeControl "40/5400+30:1800+30"]

1. e4 e6 2. d4 d5 3. exd5 exd5 4. Bd3 Bd6 5. Ne2 Nf6 6. O-O O-O 7. h3 h6 8. Bf4 Bxf4 9. Nxf4 Qd6 10. Qd2 Nc6 11. c3 Re8 12. Na3 a6 13. Nc2 Bd7 14. Rfe1 Rxe1+ 15. Rxe1 Nd8 16. Nb4 Ne6 17. Nxe6 Bxe6 18. Bc2 a5 19. Nd3 Ne4 20. Qf4 Rd8 21. Qxd6 Rxd6 22. Nf4 Ng5 23. Bb3 c6 24. Bc2 Bd7 25. Kf1 Kf8 26. h4 Ne6 27. Nxe6+ Rxe6 28. Rxe6 Bxe6 29. Ke2 Ke7 30. Kf3 Kd6 31. Kf4 Ke7 32. f3 Kf6 33. g4 g5+ 34. hxg5+ hxg5+ 35. Kg3 Ke7 36. Bd3 Kf6 37. Bc2 Ke7 38. Bd3 Kf6 1/2-1/2